 Dungeon Crawl Stone Soup version 0.22-a0-455-ga0624bf (webtiles) character file.

718 KristoblXynda the Ruffian (level 7, -9/59 HPs)
             Began as a Troll Wizard on June 5, 2018.
             Was an Initiate of Cheibriados.
             Mangled by Joseph
             ... wielding a +0 quarterstaff
              (11 damage)
             ... on level 7 of the Dungeon.
             The game lasted 00:09:23 (2515 turns).

KristoblXynda the Ruffian (Troll Wizard)            Turns: 2515, Time: 00:09:24

Health: -9/59      AC:  5    Str: 17    XL:     7   Next: 42%
Magic:  0/9        EV: 10    Int: 17    God:    Cheibriados [......]
Gold:   184        SH:  0    Dex:  9    Spells: 6/10 levels left

rFire    . . .     SeeInvis .     - Unarmed
rCold    . . .     Gourm    +   (no shield)
rNeg     . . .     Faith    .   a - +0 robe
rPois    .         Spirit   +   b - +0 hat
rElec    .         Reflect  .   (no cloak)
rCorr    .         Harm     .   (gloves unavailable)
MR       .....                  (boots unavailable)
Stlth    +.........             c - amulet of guardian spirit
HPRegen  0.59/turn              (no ring)
MPRegen  0.11/turn              (no ring)

@: very slow
A: large, unfitting armour, claws 3, fast metabolism 3, gourmand, regeneration
1, shaggy fur 1, tough skin 2
a: Bend Time, Renounce Religion


You were on level 7 of the Dungeon.
You worshipped Cheibriados.
Cheibriados was noncommittal.
You were very full.

You visited 2 branches of the dungeon, and saw 6 of its levels.

You collected 184 gold pieces.

Inventory:

Missiles
 m - 4 steel javelins (quivered)
Armour
 a - a +0 robe (worn)
 b - a +0 hat (worn)
Jewellery
 c - an amulet of guardian spirit (around neck)
Wands
 n - a wand of polymorph (10)
 q - a wand of scattershot (1)
 t - a wand of digging (13)
Scrolls
 f - a scroll of fear {unknown}
 g - 2 scrolls of fog
 i - a scroll of blinking {unknown}
 j - a scroll of enchant weapon {unknown}
 k - a scroll of immolation
 l - 2 scrolls of remove curse
 p - a scroll of noise {unknown}
 x - 3 scrolls of identify
Potions
 o - a potion of flight
 r - 2 potions of cancellation
 s - a potion of magic
 u - a potion of berserk rage {unknown}
 v - a potion of resistance {unknown}
Comestibles
 d - 11 rations


   Skills:
 - Level 1.5 Dodging
 - Level 1.0 Stealth
 * Level 5.6 Unarmed Combat
 - Level 2.0 Spellcasting
 * Level 4.3 Conjurations
   Level 0.6 Summonings
   Level 0.6 Translocations


You had 6 spell levels left.
You knew the following spells:

 Your Spells              Type           Power        Failure   Level  Hunger
a - Magic Dart            Conj           ###.         3%          1    #......
b - Mephitic Cloud        Conj/Pois/Air  #.......     32%         3    ###....

Your spell library contained the following spells:

 Spells                   Type           Power        Failure   Level  Hunger
 Conjure Flame            Conj/Fire      #.......     24%         3    ###....
 Slow                     Hex            #.......     28%         2    ###....
 Blink                    Tloc           N/A          22%         2    ###....
 Iskenderun's Mystic Bla  Conj           ###.....     32%         4    #####..
 Call Imp                 Summ           #.......     22%         2    ###....
 Fulminant Prism          Conj/Hex       #.........   61%         4    #####..
 Dazzling Spray           Conj/Hex       #.....       24%         3    ###....
 Force Lance              Conj/Tloc      ##......     56%         4    #####..
 Searing Ray              Conj           ###...       4%          2    ###....


Dungeon Overview and Level Annotations

Branches:
Dungeon (4/15)             Temple (1/1) D:4

Altars:
Cheibriados
Fedhas
Gozag
Hepliaklqana
Kikubaaqudgha
Makhleb
Nemelex Xobeh
Okawaru
Qazlal
Sif Muna
Trog
Uskayaw
Vehumet
Wu Jian
Zin
The Shining One

Shops:
D:4 (

Annotations:
D:3 wazuzu's ghost, amateur KoIE
D:7 Joseph


Innate Abilities, Weirdness & Mutations

You are too large for most types of armour.
You have claws for hands.
Your metabolism is lightning-fast.
You like to eat raw meat.
Your natural rate of healing is unusually fast.
You are covered in fur. (AC +1)
You have very tough skin. (AC +2)


Message History

Joseph hits you with an uncursed quarterstaff!
* * * LOW HITPOINT WARNING * * *
The ice beast hits you.
* * * LOW HITPOINT WARNING * * *
The ice beast freezes you.
* * * LOW HITPOINT WARNING * * *
As you read the scroll labeled TAILIUH IPTAU, it crumbles to dust.
It is a scroll of amnesia.
Okay, then.
Joseph hits you with an uncursed quarterstaff!
* * * LOW HITPOINT WARNING * * *
The ice beast hits you but does no damage.
Unknown command.
Evoke which item? (* to show all) (? for menu, Esc to quit)
Aiming: Scattershot
Press: ? - help, Shift-Dir - straight line The burst of metal fragments hits Joseph. x3
Joseph is almost dead.
Joseph hits you with an uncursed quarterstaff!
You die...

......#......#
#####.#......## #######
....# ###.....# .......
....# +.....# .......
....# #.....# ....)..
....# #.....# .......
....#####.....####.......
.................Y.#
................@#.......
.>...............@.......
.................#...###.
#####...........##...#
...........# ...#
...........# ...+
...........+ ...# ###....
.#


You could see Joseph and an ice beast.

Vanquished Creatures
  A hungry ghost (D:4)
  Edmund (D:4)
  An ogre (D:4)
  A scorpion (D:4)
  2 hounds (D:4)
  An orc priest (D:4)
  Natasha (thrice) (D:4)
  Ijyb (D:4)
  Robin (D:4)
  4 adders
  2 oozes (D:1)
  3 adder skeletons (D:4)
  3 worms
  A dart slug (D:3)
  2 leopard geckos (D:4)
  9 orcs
  5 bats
  A giant cockroach (D:2)
  10 goblins
  5 hobgoblins
  3 jackals (D:1)
  4 kobolds
  2 quokkas (D:3)
  2 frilled lizards
  A quokka skeleton (D:4)
  4 rats
73 creatures vanquished.

Notes
Turn   | Place    | Note
-------+----------+-------------------------------------------
     0 | D:1      | KristoblXynda the Troll Wizard began the quest for the Orb.
     0 | D:1      | Reached XP level 1. HP: 16/16 MP: 2/2
    90 | D:1      | Reached skill level 1 in Unarmed Combat
    90 | D:1      | Reached skill level 1 in Conjurations
    94 | D:1      | Reached XP level 2. HP: 22/24 MP: 4/4
   475 | D:2      | Reached XP level 3. HP: 28/31 MP: 3/5
   521 | D:2      | Found a faded altar of an unknown god.
   685 | D:2      | Reached skill level 2 in Unarmed Combat
  1062 | D:3      | Noticed wazuzu's ghost (amateur KoIE)
  1138 | D:2      | Learned a level 3 spell: Mephitic Cloud
  1302 | D:3      | Reached XP level 4. HP: 11/39 MP: 3/6
  1318 | D:4      | Noticed Natasha
  1345 | D:4      | Reached skill level 3 in Unarmed Combat
  1522 | D:4      | Killed Natasha
  1522 | D:4      | Reached XP level 5. HP: 31/45 MP: 4/7
  1567 | D:4      | Noticed an ogre
  1576 | D:4      | Killed an ogre
  1593 | D:4      | Reached skill level 4 in Unarmed Combat
  1603 | D:4      | Noticed Natasha
  1615 | D:4      | Killed Natasha
  1615 | D:4      | Reached XP level 6. HP: 44/53 MP: 6/8
  1731 | D:4      | Found Vaynij's Weapon Boutique.
  1777 | D:4      | Noticed a hungry ghost
  1801 | D:4      | Killed a hungry ghost
  1875 | D:4      | Noticed Ijyb
  1885 | D:4      | Killed Ijyb
  1929 | D:4      | Noticed Edmund
  1944 | D:4      | Killed Edmund
  1944 | D:4      | Reached skill level 5 in Unarmed Combat
  1944 | D:4      | Reached XP level 7. HP: 28/59 MP: 4/9
  2045 | D:4      | Noticed Robin
  2060 | D:4      | Killed Robin
  2200 | D:4      | Found a staircase to the Ecumenical Temple.
  2281 | D:4      | Noticed Natasha
  2287 | D:4      | Killed Natasha
  2331 | Temple   | Entered the Ecumenical Temple
  2406 | Temple   | Became a worshipper of Cheibriados the Contemplative
  2440 | D:4      | You fall through a shaft for 3 floors!
  2494 | D:7      | Noticed Joseph
  2514 | D:7      | HP: 1/59 [Joseph/uncursed quarterstaff (6)]
  2515 | D:7      | Mangled by Joseph

Vault maps used:
D:1:      lightli_arrival_noodles, minmay_pentomino_z2
D:2:      chequers_ecumenical_altar_twisty
D:3:      nicolae_dithmenos_through_a_glass_darkly, first_ration,
          serial_park_tiny_1, grunt_ministairs_5, minmay_misc_feat_plants
D:4:      temple_statues, serial_shops, kennysheep_little_box,
          minmay_crystal_water, uniq_robin, uniq_natasha,
          uniq_crazy_yiuf_cottage, uniq_ijyb, uniq_edmund
D:7:      yredelemnul_altar_generic, serial_shops, shop, uniq_joseph
Temple:   nicolae_temple_x_marks_the_god

Skill      XL: |  1  2  3  4  5  6 |
---------------+-------------------+-----
Unarmed Combat | 1 2 3 4 5 |  5.6
Conjurations   | 1 2 3 4 |  4.3
Dodging        | |  1.5
Stealth        | |  1.0
Spellcasting   | |  2.0
Summonings     | |  0.6
Translocations | |  0.6

Action                   |  1- 3 |  4- 6 |  7- 9 || total
-------------------------+-------+-------+-------++-------
Melee: Unarmed           |   137 |   105 |    87 ||   329
       Punch             |     1 |     1 |     2 ||     4
Throw: Javelin           |       |     2 |       ||     2
 Cast: Magic Dart        |       |     3 |       ||     3
Evoke: Wand              |       |       |     2 ||     2
  Use: Scroll            |     6 |     1 |     2 ||     9
       Potion            |     5 |       |     2 ||     7
  Eat: Chunk             |    17 |    12 |    12 ||    41
Armor: Robe              |    63 |    38 |    34 ||   135
Dodge: Dodged            |    87 |    33 |    52 ||   172

Table legend:
 A = Spawn XP
 B = Non-spawn XP
 C = Spawn XP percentage of total XP
 D = Spawn monster count
 E = Non-spawn monster count
 F = Spawn count percentage of total count
 G = Total turns spent on level
                    A         B        C        D         E        F      G
               +---------+---------+-------+---------+---------+-------+---------
         Total |       0 |    1026 |   0.0 |       0 |      73 |   0.0 |  2515
               +---------+---------+-------+---------+---------+-------+---------
           D:1 |       0 |      35 |   0.0 |       0 |      14 |   0.0 |   461
           D:2 |       0 |      32 |   0.0 |       0 |      12 |   0.0 |   603
           D:3 |       0 |      31 |   0.0 |       0 |       8 |   0.0 |   254
           D:4 |       0 |     928 |   0.0 |       0 |      39 |   0.0 |  1040
               +---------+---------+-------+---------+---------+-------+---------
